cohdb
Replays
Latest Replays
All Replays
Popular Replays
Top Player Replays
Match Explorer
How It Works
Community
CoH3 Stats
Reddit
Sign in to upload your games and track your stats! →
Sign in with Steam
Match 43248616
Unlisted
Match 43248616
Overview
Messages
Build Orders
End
Kradschützen Motorcycle Team
Selects Armored Support Battlegroup
Panzerpioneer Squad
Panzergrenadier Squad
250 Light Carrier
Panzergrenadier Squad
Selects Superior Fire Drills
Construct Light Support Kompanie
Assault Mechanized Group
Fire Support Elements
Flakvierling Half-track
Pak 38 Anti-tank Gun Team
2.5-tonne Medical Truck
Assault Mechanized Group
Selects Flammpanzer III Medium Tank
Flammpanzer III Medium Tank
Vehicle Survival Package
Selects Salvage Kits
Flammpanzer III Medium Tank
Selects Command Panzer IV F Medium Tank
Command Panzer IV F Medium Tank
Panzerjäger Mechanized Group
Flammpanzer III Medium Tank
Panzerpioneer Squad
Trion
gztomcat
0
0
Comments
sign in to comment!
No comments posted yet!